 Dungeon Crawl Stone Soup version 0.22.1-2-g9c5b331 (webtiles) character file.

16069 Fang the Cleaver (level 12, 0/77 HPs)
             Began as a Gargoyle Berserker on Dec 6, 2018.
             Was a High Priest of Trog.
             Slain by a cyclops (20 damage)
             ... on level 11 of the Dungeon.
             The game lasted 00:16:41 (10899 turns).

Fang the Cleaver (Gargoyle Berserker)              Turns: 10899, Time: 00:16:43

Health: 0/77       AC: 27    Str: 25    XL:     12   Next: 33%
Magic:  12/12      EV:  9    Int:  9    God:    Trog [*****.]
Gold:   585        SH:  0    Dex:  9    Spells: 11/11 levels left

rFire    . . .     SeeInvis .   v - +3 hand axe (elec)
rCold    . . .     Gourm    .   (no shield)
rNeg     + . .     Faith    .   t - +2 plate armour
rPois    ∞         Spirit   .   k - +2 hat
rElec    +         Reflect  .   (no cloak)
rCorr    .         Harm     .   (no gloves)
MR       .....                  (no boots)
Stlth    ..........             z - amulet of rage
HPRegen  0.22/turn              (no ring)
MPRegen  0.13/turn              (no ring)

@: berserk cooldown, slowed, very slow
A: negative energy resistance 1, electricity resistance, unbreathing,
petrification resistance, rot immunity, AC +8
a: Berserk, Trog's Hand, Brothers in Arms, Renounce Religion, Evoke Berserk Rage


You were on level 11 of the Dungeon.
You worshipped Trog.
Trog was extremely pleased with you.
You were not hungry.

You visited 2 branches of the dungeon, and saw 12 of its levels.
You also visited: Sewer.

You collected 585 gold pieces.

Inventory:

Hand Weapons
 v - a +3 hand axe of electrocution (weapon)
 y - a +0 war axe
Armour
 k - a +2 hat (worn)
 t - a +2 plate armour (worn)
Jewellery
 z - an amulet of rage (around neck)
 A - an uncursed amulet of harm
 C - a +3 ring of strength {unknown}
Wands
 a - a wand of scattershot (7)
 d - a wand of clouds (6)
 n - a wand of iceblast (5)
 x - a wand of paralysis (20)
 F - a wand of enslavement (8)
Scrolls
 i - 4 scrolls of fear
 o - 7 scrolls of remove curse
 q - 2 scrolls of fog
 r - a scroll of magic mapping
 s - a scroll of silence
 w - 4 scrolls of teleportation
 B - 2 scrolls of blinking
 D - a scroll of identify
Potions
 b - 6 potions of might
 e - 13 potions of curing
 f - 2 potions of mutation
 g - 2 potions of brilliance
 h - a potion of ambrosia
 j - 4 potions of flight
 l - a potion of agility
 m - 7 potions of heal wounds
 p - a potion of lignification
 u - 2 potions of resistance
Comestibles
 c - 22 rations


   Skills:
 + Level 10.0 Fighting
 + Level 13.1 Axes
 + Level 10.1 Armour
 + Level 4.6 Dodging
 + Level 2.7 Stealth


You had 11 spell levels left.
You didn't know any spells.
Your spell library was empty.

Dungeon Overview and Level Annotations

Branches:
Dungeon (11/15)            Temple (1/1) D:7            Lair (0/6) D:8
    Orc: D:9-12

Altars:
Ashenzari
Cheibriados
Dithmenos
Nemelex Xobeh
Okawaru
Ru
Trog
Uskayaw
Vehumet
Xom
Yredelemnul
Zin

Shops:
D:5 =   D:10 =


Innate Abilities, Weirdness & Mutations

You are resistant to torment.
Your stone body is resilient. (AC +8)
You are immune to poison.
You resist negative energy. (rN+)
You are resistant to electric shocks. (rElec)
You can survive without breathing.
You are immune to petrification.
You are immune to rotting.


Message History

The cyclops throws a large rock.
The large rock hits your ogre!!
Your ogre dies!
Your ogre's corpse disappears in a puff of smoke!
Your ogre barely misses the orc wizard.
The cyclops throws a large rock.
The large rock hits you!
Things that are here:
a large rock; an uncursed shortbow; 16 arrows You hear a shout!
The cyclops throws a large rock.
The large rock hits you!
* * * LOW HITPOINT WARNING * * *
Items here: % ( ) [ ÷ 3 large rocks; a short sword; a leather armour; 3 chunks of flesh an elf skeleton The orc wizard gestures at you while chanting.
You feel as though you will be slow longer.
The cyclops hits you.
* * * LOW HITPOINT WARNING * * *
You hear a shout!
The cyclops hits you!!
You die...

#.
#.#...## #
#..##.####
#.#..#.#.#
#.#.#.#..#
#..#.#.###
#.#.#.#..#
##†#(..###
#.#.###..#
.#)((@C###
#o#####..#
#o. ##
#O.# #o..
#.#..
#.#.# ...#


You could see a cyclops and an orc wizard.

Vanquished Creatures
  A centaur warrior (D:11)
  An unseen horror (D:11)
  The ghost of Jclef the Chopper, a novice MiFi (D:6)
  An ugly thing (D:11)
  A deep elf mage (D:11)
  A cyclops (D:11)
  A manticore (D:11)
  Joseph (D:9)
  A komodo dragon (D:11)
  A yaktaur (D:11)
  2 trolls
  Prince Ribbit (D:7)
  Grinder (D:3)
  4 hippogriffs
  A wraith (D:10)
  4 yaks (D:11)
  4 hogs (D:9)
  2 humans
  Eustachio (D:6)
  2 vampires
  A steam dragon (D:10)
  3 hungry ghosts
  Edmund (D:6)
  4 vampire mosquitoes (D:10)
  2 insubstantial wisps (D:10)
  A soldier ant (shapeshifter) (D:11)
  A water moccasin (D:2)
  A porcupine (D:8)
  3 black bears
  6 sky beasts
  5 ice beasts
  An orc warrior (D:8)
  3 ogres
  9 centaurs
  2 big kobolds (Sewer)
  5 bullfrogs
  A water moccasin skeleton (D:9)
  A wyvern skeleton (D:7)
  3 killer bees (D:11)
  10 wights
  A howler monkey (D:8)
  7 crimson imps
  A human zombie (D:2)
  2 jellies
  A quasit (D:10)
  3 centaur zombies
  11 hounds
  An orc priest (D:6)
  4 centaur skeletons
  A human skeleton (D:2)
  4 iguanas
  3 orc wizards (D:7)
  11 worker ants
  2 killer bee zombies (D:8)
  2 hound skeletons
  8 gnolls (D:4)
  11 adders
  4 shadow imps
  An ooze (D:6)
  An adder zombie (D:8)
  An adder skeleton (D:5)
  A worm (D:2)
  3 dart slugs
  8 leopard geckos
  15 orcs
  7 giant cockroaches
  9 goblins
  6 hobgoblins
  15 jackals
  4 ball pythons
  17 bats
  4 frilled lizards
  A jackal skeleton (D:3)
  21 kobolds
  A leopard gecko skeleton (D:7)
  2 quokka zombies
  5 rats
  A plant (D:8)
295 creatures vanquished.

Vanquished Creatures (collateral kills)
  A stone giant (D:11)
  Menkaure (D:6)
  An ice beast (D:6)
3 creatures vanquished.

Vanquished Creatures (others)
  A worker ant zombie (D:8)
1 creature vanquished.

Grand Total: 299 creatures vanquished

Notes
Turn   | Place    | Note
-------+----------+-------------------------------------------
     0 | D:1      | Fang the Gargoyle Berserker began the quest for the Orb.
     0 | D:1      | Reached XP level 1. HP: 14/14 MP: 1/1
    94 | D:1      | Reached XP level 2. HP: 18/19 MP: 2/2
   539 | D:1      | Reached ** piety under Trog
   539 | D:1      | Reached skill level 3 in Axes
   593 | D:1      | Reached XP level 3. HP: 20/24 MP: 3/3
  1044 | D:2      | Noticed a water moccasin
  1056 | D:2      | Killed a water moccasin
  1056 | D:2      | Reached XP level 4. HP: 6/30 MP: 4/4
  1056 | D:2      | Reached XP level 5. HP: 7/34 MP: 5/5
  1320 | D:2      | Found a shimmering altar of Xom.
  1718 | D:2      | Found a runed door.
  1718 | D:2      | Noticed a human
  1724 | D:2      | Reached skill level 4 in Axes
  1780 | D:2      | Found a basalt altar of Yredelemnul.
  1803 | D:2      | Killed a human
  1803 | D:2      | Reached XP level 6. HP: 34/39 MP: 6/6
  2111 | D:2      | Reached skill level 5 in Axes
  2454 | D:3      | Reached *** piety under Trog
  2457 | D:3      | Found a glowing drain.
  2474 | D:3      | Noticed Grinder
  2479 | Sewer    | Entered a sewer
  2541 | Sewer    | Reached skill level 1 in Stealth
  2578 | Sewer    | Reached XP level 7. HP: 44/44 MP: 7/7
  2768 | D:3      | Paralysed by Grinder for 7 turns
  2775 | D:3      | Killed Grinder
  2775 | D:3      | Reached skill level 5 in Fighting
  2775 | D:3      | Reached skill level 6 in Axes
  2889 | D:3      | Found a shadowy altar of Dithmenos.
  3082 | D:3      | Reached **** piety under Trog
  3329 | D:3      | Reached XP level 8. HP: 47/49 MP: 8/8
  4181 | D:4      | Reached skill level 7 in Axes
  4449 | D:4      | Found a basalt altar of Yredelemnul.
  4506 | D:5      | Entered Level 5 of the Dungeon
  4789 | D:5      | Reached skill level 8 in Axes
  4898 | D:5      | Reached XP level 9. HP: 48/55 MP: 9/9
  5152 | D:5      | Found Enot's Jewellery Emporium.
  5385 | D:6      | Noticed Eustachio
  5385 | D:6      | Noticed Edmund
  5434 | D:6      | Noticed Menkaure
  5443 | D:6      | Killed Menkaure
  5669 | D:6      | Reached skill level 9 in Axes
  5672 | D:6      | Killed Eustachio
  5672 | D:6      | Reached skill level 5 in Armour
  5693 | D:6      | Found a runed door.
  5693 | D:6      | Noticed Jclef's ghost (novice MiFi)
  5784 | D:6      | Killed Edmund
  5852 | D:6      | Found a bloodstained altar of Trog.
  5865 | D:6      | Found a shattered altar of Ashenzari.
  6141 | D:6      | Found a hide-covered altar of Uskayaw.
  6411 | D:6      | Killed Jclef's ghost
  6411 | D:6      | Reached XP level 10. HP: 61/61 MP: 10/10
  6414 | D:6      | Identified the Collected Works on Ghastly Malediction
  6561 | D:7      | Reached skill level 10 in Axes
  6962 | D:7      | Found a staircase to the Ecumenical Temple.
  6979 | Temple   | Entered the Ecumenical Temple
  7514 | D:7      | Noticed Prince Ribbit
  7929 | D:8      | Found a staircase to the Lair.
  8059 | D:8      | Found a glowing silver altar of Zin.
  8220 | D:8      | Found a sparkling altar of Nemelex Xobeh.
  8235 | D:8      | Found a radiant altar of Vehumet.
  8524 | D:7      | Killed Prince Ribbit
  8647 | D:9      | Noticed Joseph
  8661 | D:9      | Killed Joseph
  8661 | D:9      | Reached skill level 11 in Axes
  8735 | D:9      | Reached ***** piety under Trog
  8944 | D:9      | Reached XP level 11. HP: 68/68 MP: 11/11
  9144 | D:9      | Received a gift from Trog
  9280 | D:10     | Entered Level 10 of the Dungeon
  9978 | D:10     | Received a gift from Trog
 10053 | D:10     | Found Jarrunaq's Jewellery Shop.
 10093 | D:10     | Reached skill level 12 in Axes
 10342 | D:11     | Killed an unseen horror
 10357 | D:11     | Noticed a cyclops
 10372 | D:11     | Killed a cyclops
 10556 | D:11     | Noticed a manticore
 10577 | D:11     | Killed a manticore
 10796 | D:11     | Reached XP level 12. HP: 68/76 MP: 12/12
 10862 | D:11     | Noticed a centaur warrior
 10878 | D:11     | Killed a centaur warrior
 10878 | D:11     | Reached skill level 10 in Armour
 10885 | D:11     | Reached skill level 13 in Axes
 10890 | D:11     | Noticed a stone giant
 10895 | D:11     | Killed a stone giant
 10895 | D:11     | Reached skill level 10 in Fighting
 10899 | D:11     | Slain by a cyclops

Skill      XL: |  1  2  3  4  5  6  7  8  9 10 11 12 |
---------------+-------------------------------------+-----
Dodging        | 2 3 4 |  4.6
Axes           | 3 4 5 6 8 9 11 12 13 | 13.1
Fighting       | 4 5 6 8 9 10 | 10.0
Stealth        | 1 2 |  2.7
Armour         | 3 6 7 9 10 | 10.1

Action                   |  1- 3 |  4- 6 |  7- 9 | 10-12 || total
-------------------------+-------+-------+-------+-------++-------
Melee: Hand axe          |   103 |   189 |   565 |   577 ||  1434
Invok: Berserk           |     1 |     3 |     3 |     5 ||    12
       Brothers in Arms  |       |       |     1 |     2 ||     3
  Use: Scroll            |       |     5 |    13 |     9 ||    27
 Stab: Distracted        |       |     1 |       |       ||     1
       Sleeping          |       |       |     2 |       ||     2
  Eat: Ration            |       |     2 |     1 |     1 ||     4
       Chunk             |       |     3 |    15 |    18 ||    36
Armor: Animal skin       |    44 |    43 |       |       ||    87
       Leather armour    |       |    24 |    61 |       ||    85
       Plate armour      |       |       |   373 |   398 ||   771
Dodge: Dodged            |    83 |   124 |   315 |   183 ||   705
